 Dungeon Crawl Stone Soup version 0.29.1-13-g9f3cf754e1 (webtiles) character file.

Game seed: 17064172172699041287

8596 Priul the Thaumaturge (level 11, -17/57 HPs)
             Began as a Deep Elf Necromancer on Feb 7, 2023.
             Was a Priest of Sif Muna.
             Demolished by an orc knight
             ... wielding a +0 war axe
              (19 damage)
             ... in a bailey.
             The game lasted 01:04:27 (10273 turns).

Priul the Thaumaturge (Deep Elf Necromancer)       Turns: 10273, Time: 01:04:28

Health: -17/57     AC:  6    Str:  5    XL:     11   Next: 12%
Magic:  25/41      EV: 18    Int: 30    God:    Sif Muna [***...]
Gold:   642        SH:  0    Dex: 21    Spells: 17/38 levels left

rFire   . . .      SeeInvis .   I - +6 longbow
rCold   . . .      Faith    .   (shield currently unavailable)
rNeg    . . .      Spirit   .   a - +0 robe
rPois   .          Reflect  .   H - +3 hat of Pondering {ponderous, Will+ MP+10 Int+5}
rElec   .          Harm     .   (no cloak)
rCorr   .          Rampage  .   (no gloves)
Will    ++...                   J - +0 pair of boots
Stlth   +++.......              u - amulet of magic regeneration
HPRegen 0.19/turn               j - +6 ring of dexterity
MPRegen 0.67/turn               z - +4 ring of evasion

@: animating dead, hasted, very quick
A: no striking features
a: Renounce Religion, Channel Magic, Forget Spell


You were in a bailey.
You worshipped Sif Muna.
Sif Muna was most pleased with you.
You visited 2 branches of the dungeon, and saw 11 of its levels.
You also visited: Bailey.

You collected 642 gold pieces.

Inventory:

Hand Weapons
 q - a +2 dagger of protection
 I - a +6 longbow (weapon)
 U - a +3 dagger of chaos
Missiles
 o - a throwing net
 t - 15 poisoned darts
 W - 4 curare-tipped darts
 X - 13 boomerangs
 Y - 4 datura-tipped darts
Armour
 a - a +0 robe (worn)
 H - the +3 hat of Pondering (worn) {ponderous, Will+ MP+10 Int+5}
   (You found it on level 8 of the Dungeon)

   Int:       It affects your intelligence (+5).
   MP:        It affects your magic capacity (+10).
   Will:      It increases your willpower.
 J - a +0 pair of boots (worn)
 V - a +2 robe
Magical Staves
 S - a staff of poison
Jewellery
 j - a +6 ring of dexterity (left hand)
 n - a ring of see invisible
 u - an amulet of magic regeneration (around neck)
 z - a +4 ring of evasion (right hand)
 B - a +6 ring of strength
Wands
 x - a wand of iceblast (13)
 A - a wand of flame (9)
 K - a wand of mindburst (16)
 P - a wand of charming (8) (quivered)
Scrolls
 d - a scroll of silence {unknown}
 e - 6 scrolls of teleportation {unknown}
 f - 9 scrolls of identify {unknown}
 k - 4 scrolls of noise {unknown}
 l - 3 scrolls of amnesia {unknown}
 m - 2 scrolls of summoning {unknown}
 r - a scroll of poison {unknown}
 s - 2 scrolls of fear {unknown}
 y - 2 scrolls of vulnerability {unknown}
 D - 2 scrolls of blinking {unknown}
 E - a scroll of enchant armour {unknown}
 M - a scroll of enchant weapon {unknown}
 R - a scroll of magic mapping {unknown}
 T - a scroll of brand weapon {unknown}
Potions
 b - a potion of magic
 c - a potion of might
 g - 4 potions of heal wounds {unknown}
 h - 3 potions of haste
 i - 3 potions of attraction {unknown}
 p - 5 potions of curing
 v - a potion of invisibility {unknown}
 w - 3 potions of berserk rage
 C - 2 potions of brilliance {unknown}
 F - a potion of resistance {unknown}
 G - a potion of cancellation {unknown}
 L - 2 potions of degeneration {unknown}
 N - a potion of flight {unknown}
 O - a potion of lignification {unknown}
 Q - a potion of mutation {unknown}


   Skills:
 + Level 2.2 Fighting
 + Level 8.3 Ranged Weapons
 + Level 3.7 Dodging
 + Level 5.3 Stealth
 + Level 14.2 Spellcasting
 + Level 1.3 Conjurations
 + Level 12.7 Necromancy
 + Level 1.1 Transmutations
 + Level 1.1 Fire Magic
 + Level 1.3 Air Magic
 + Level 2.0 Poison Magic
 + Level 0.2 Evocations


You had 17 spell levels left.
You knew the following spells:

 Your Spells              Type           Power      Damage    Failure   Level
a - Necrotise             Necr           100%       1d9       0%          1
b - Vampiric Draining     Necr           78%        2d11      1%          3
c - Animate Dead          Necr           78%        N/A       1%          4
d - Mephitic Cloud        Conj/Pois/Air  30%        N/A       3%          3
e - Ignite Poison         Fire/Tmut/Pois 30%        N/A       3%          3
f - Sublimation of Blood  Necr           78%        N/A       1%          2
g - Agony                 Necr           78%        N/A       1%          5

Your spell library contained the following spells:

 Spells                   Type           Power      Damage    Failure   Level
 Call Canine Familiar     Summ           21%        N/A       7%          3
 Portal Projectile        Hex/Tloc       42%        N/A       7%          3
 Petrify                  Tmut/Erth      24%        N/A       19%         4
 Leda's Liquefaction      Hex/Erth       10%        N/A       22%         4
 Irradiate                Conj/Tmut      14%        3d16      36%         5
 Freezing Cloud           Conj/Ice/Air   13%        6-21      41%         5


Dungeon Overview and Level Annotations

Branches:
Dungeon (10/15)            Temple (1/1) D:4            Lair (0/5) D:9
    Orc (0/2) D:10         Bailey (1/1)

Altars:
Ashenzari
Cheibriados
Dithmenos
Elyvilon
Fedhas
Gozag
Hepliaklqana
Kikubaaqudgha
Makhleb
Nemelex Xobeh
Okawaru
Qazlal
Ru
Sif Muna
Trog
Uskayaw
Vehumet
Wu Jian
Xom
Yredelemnul
Zin
The Shining One

Shops:
D:2 (


Message History

The orc knight hits your kobold brigand zombie with a +0 war axe!
Your kobold brigand zombie hits the kobold brigand.
Casting: Vampiric Draining (safe; 1% risk of failure)
Confirm with . or Enter, or press ? or * to list all spells.
Aiming: Vampiric Draining (safe; 1% risk of failure)
Press: ? - help, Shift-Dir - straight line, f/p - kobold brigand
Aim: a kobold brigand, wielding a +0 war axe and quivering curare-tipped darts (heavily wounded, ally target)
You draw life force from the kobold brigand!
You feel life coursing into your body.
The kobold brigand seems less confused.
The kobold brigand hits your kobold brigand zombie with a +0 war axe!
Your kobold brigand zombie is destroyed!
The kobold brigand barely misses you. The orc knight closely misses you.
The orc knight hits your kobold brigand zombie with a +0 war axe!
Your kobold brigand zombie is destroyed!
Casting: Vampiric Draining (safe; 1% risk of failure)
Confirm with . or Enter, or press ? or * to list all spells.
Aiming: Vampiric Draining (safe; 1% risk of failure)
Press: ? - help, Shift-Dir - straight line, f/p - kobold brigand
Aim: a kobold brigand, wielding a +0 war axe and quivering curare-tipped darts (almost dead)
You draw life force from the kobold brigand!
You kill the kobold brigand!
Sif Muna accepts your kill.
You feel life coursing into your body.
The kobold brigand shouts!
You feel yourself speed up.
The orc knight hits you with a +0 war axe!
The orc warrior hits you with a +0 broad axe!
The orc knight barely misses you.
The orc warrior hits you with a +0 broad axe!!
Ouch! That really hurt!
* * * LOW HITPOINT WARNING * * *
Aiming: Charm
Press: ? - help, Q - select action, (/) - cycle Shift-Dir - straight line, f - orc knight
Aim: an orc knight, wielding a +0 war axe and wearing a +0 plate armour (lightly wounded, chance to affect: 31%)
The orc knight easily resists.
The orc warrior closely misses you. The orc knight closely misses you.
It was a potion of haste.
You feel yourself speed up. The orc warrior closely misses you.
The orc knight hits you with a +0 war axe!!
You die...

###~~.......~~###.#
.~~.......~~....#
#~~.......~~#####
#~.......~##
####'')####
##.....## #∩)....∩#
#...8...# ##.o@).##
###o###


KK. ..).. ....... ......... ........... ............. You could see an orc
knight, an orc warrior (strong) and 2 kobold brigands.

Vanquished Creatures
  Erica (D:9)
  A two-headed ogre (D:9)
  A wizard (D:10)
  Psyche (D:10)
  Grinder (D:5)
  A wyvern (D:10)
  12 yaks (D:9)
  Edmund (D:5)
  Duvessa (D:4)
  4 orc warriors
  A black bear (D:5)
  An ogre (D:4)
  4 phantoms
  2 centaurs
  7 kobold brigands
  A bullfrog (D:7)
  A necrophage (D:5)
  A gnoll sergeant (D:6)
  A scorpion (D:4)
  4 wights
  A yak zombie (D:9)
  Dowan (D:4)
  3 killer bees (D:8)
  3 howler monkeys
  3 jellies
  2 orc priests
  A hound (D:4)
  5 iguanas
  Jessica (D:3)
  Natasha (D:4)
  7 adders
  7 gnolls
  A river rat (D:4)
  A shadow imp (D:8)
  3 white imps
  An ufetubus (D:7)
  A worm (D:4)
  A dart slug (D:2)
  20 orcs
  4 endoplasms (D:1)
  3 giant cockroaches
  4 goblins
  6 hobgoblins
  5 jackals (D:1)
  5 quokkas
  7 ball pythons
  3 bats
  13 kobolds
  5 rats
165 creatures vanquished.

Vanquished Creatures (collateral kills)
  3 hornets
  A yak (D:9)
  A steam dragon (D:7)
  A sky beast (D:8)
  A centaur (D:9)
  6 wights (D:9)
  2 killer bees (D:8)
  A howler monkey (D:10)
  3 orc priests
  2 orc wizards (D:8)
  A gnoll (D:6)
  A shadow imp (D:8)
  A worm (D:5)
  A dart slug (D:2)
  4 orcs
  A bat (D:1)
  A goblin (D:4)
  A jackal (D:1)
  5 kobolds (D:10)
  A ball python (D:1)
38 creatures vanquished.

Vanquished Creatures (others)
  A human zombie (D:9)
  A wyvern zombie (D:10)
  5 yak zombies (D:9)
  2 killer bee zombies (D:8)
  A worm zombie (D:4)
  4 gnoll zombies (D:8)
  10 kobold zombies (Bailey)
  9 orc zombies
  5 fungi (D:9)
  5 plants (D:9)
43 creatures vanquished.

Grand Total: 246 creatures vanquished

Notes
Turn   | Place    | Note
-------+----------+-------------------------------------------
     0 | D:1      | Priul the Deep Elf Necromancer began the quest for the Orb.
     0 | D:1      | Reached XP level 1. HP: 10/10 MP: 6/6
    94 | D:1      | Reached skill level 5 in Necromancy
   338 | D:1      | Found a faded altar of an unknown god.
   339 | D:1      | Reached XP level 2. HP: 15/15 MP: 8/8
   346 | D:1      | You fall into a shaft and drop 1 floor!
   846 | D:1      | Reached XP level 3. HP: 19/19 MP: 7/10
  1126 | D:2      | Learned a level 3 spell: Vampiric Draining
  1198 | D:2      | Found Keeggom's Weapon Emporium.
  1231 | D:2      | Reached skill level 4 in Spellcasting
  1518 | D:3      | Noticed Jessica
  1523 | D:3      | Killed Jessica
  1524 | D:3      | Reached XP level 4. HP: 24/24 MP: 8/12
  1754 | D:3      | Noticed a phantom
  1776 | D:3      | Reached skill level 1 in Ranged Weapons
  1828 | D:3      | Killed a phantom
  1829 | D:3      | Reached XP level 5. HP: 3/28 MP: 14/14
  2211 | D:3      | Learned a level 4 spell: Animate Dead
  2233 | D:4      | Found a staircase to the Ecumenical Temple.
  2248 | Temple   | Entered the Ecumenical Temple
  2359 | Temple   | Became a worshipper of Sif Muna the Loreminder
  2395 | D:4      | Noticed an ogre
  2402 | D:4      | Killed an ogre
  2403 | D:4      | Reached skill level 5 in Spellcasting
  2420 | D:4      | Noticed a phantom
  2810 | D:4      | Noticed Duvessa
  2810 | D:4      | Noticed Dowan
  2816 | D:4      | Reached XP level 6. HP: 27/33 MP: 5/16
  3146 | D:4      | Killed Duvessa
  3147 | D:4      | Reached skill level 6 in Spellcasting
  3312 | D:4      | Reached XP level 7. HP: 37/37 MP: 18/18
  3567 | D:4      | Found a bloodstained altar of Trog.
  3575 | D:4      | Reached skill level 7 in Spellcasting
  3606 | D:4      | Found a stormy altar of Qazlal.
  3644 | D:4      | Reached * piety under Sif Muna
  3762 | D:4      | Killed Dowan
  3982 | D:4      | Noticed Natasha
  3985 | D:4      | Killed Natasha
  4192 | D:5      | Entered Level 5 of the Dungeon
  4355 | D:5      | Reached skill level 8 in Spellcasting
  4437 | D:5      | Found an ancient bone altar of Kikubaaqudgha.
  4444 | D:5      | Noticed Grinder
  4448 | D:5      | Killed Grinder
  4449 | D:5      | Reached skill level 1 in Fighting
  4449 | D:5      | Reached XP level 8. HP: 43/43 MP: 22/22
  4602 | D:5      | Reached skill level 5 in Ranged Weapons
  5061 | D:5      | Noticed Edmund
  5071 | D:5      | Killed Edmund
  5072 | D:5      | Reached skill level 9 in Spellcasting
  6272 | D:6      | HP: 2/43 [gnoll/+0 spear[a gnoll sergeant] (8)]
  6761 | D:6      | Found a burning altar of Makhleb.
  6936 | D:7      | Reached ** piety under Sif Muna
  6951 | D:7      | Reached XP level 9. HP: 47/47 MP: 21/24
  7118 | D:7      | Found an ornate altar of the Wu Jian Council.
  7262 | D:7      | Reached skill level 10 in Spellcasting
  7686 | D:7      | Learned a level 3 spell: Mephitic Cloud
  7690 | D:7      | Learned a level 3 spell: Ignite Poison
  7701 | D:8      | Reached skill level 10 in Necromancy
  7712 | D:8      | Found a sparkling altar of Nemelex Xobeh.
  7768 | D:8      | Found the +3 hat of Pondering {ponderous, Will+ MP+10
                  | Int+5}
  7770 | D:8      | Found an iron altar of Okawaru.
  7770 | D:8      | Found an opulent altar of Gozag.
  7780 | D:8      | Found a basalt altar of Yredelemnul.
  7780 | D:8      | Found a radiant altar of Vehumet.
  7781 | D:8      | Found a shadowy altar of Dithmenos.
  7884 | D:8      | Reached skill level 11 in Spellcasting
  8322 | D:8      | Learned a level 2 spell: Sublimation of Blood
  8376 | D:9      | Noticed Erica
  8543 | D:9      | Killed Erica
  8544 | D:9      | Reached skill level 12 in Spellcasting
  8544 | D:9      | Reached skill level 1 in Poison Magic
  8544 | D:9      | Reached XP level 10. HP: 41/53 MP: 22/28
  8659 | D:9      | Your ally Erica died
  8668 | D:9      | Reached *** piety under Sif Muna
  9009 | D:9      | Reached skill level 1 in Conjurations
  9009 | D:9      | Reached skill level 1 in Air Magic
  9010 | D:9      | Reached skill level 1 in Fire Magic
  9017 | D:9      | Reached skill level 13 in Spellcasting
  9126 | D:9      | Noticed a two-headed ogre
  9137 | D:9      | Killed a two-headed ogre
  9138 | D:9      | Reached skill level 1 in Transmutations
  9222 | D:9      | Reached skill level 5 in Stealth
  9309 | D:9      | Found a staircase to the Lair.
  9673 | D:10     | Entered Level 10 of the Dungeon
  9693 | D:10     | Noticed a wizard
  9702 | D:10     | Learned a level 5 spell: Agony
  9735 | D:10     | Found a staircase to the Orcish Mines.
  9747 | D:10     | Noticed Psyche
  9760 | D:10     | Killed a wizard
  9764 | D:10     | Killed Psyche
  9765 | D:10     | Reached XP level 11. HP: 57/57 MP: 30/30
  9767 | D:10     | Found a flagged portal.
  9848 | D:10     | Reached skill level 14 in Spellcasting
  9860 | Bailey   | Entered a bailey
 10261 | Bailey   | Noticed an orc knight
 10271 | Bailey   | HP: 2/57 [orc warrior/+0 broad axe (30)]
 10273 | Bailey   | Demolished by an orc knight

Illustrated notes

Levels and vault maps discovered:
D:1:      mrwooster_arrival_arrow, layout_loops_ring,
          ebering_ecumenical_altar_box
D:2:      layout_rooms, serial_shops, nicolae_shop_advertising_works
          [nicolae_subvault_shop_adworks]
D:3:      layout_loops_ring, solitary_fountain, uniq_terence, uniq_jessica
D:4:      layout_loops_ring, mainiacjoe_overflow_two_lobes,
          minmay_temple_entry_hall, gup_sewer_entry_bubbles, uniq_duvessa,
          uniq_natasha
D:5:      layout_loops_ring, mainiacjoe_overflow_chevrons, grunt_ministairs_7,
          kennysheep_generic_room_14, uniq_grinder, uniq_edmund,
          uniq_crazy_yiuf_cottage
D:6:      layout_cave_pools, lemuel_coloured_pillars_altar, serial_park,
          serial_park_tiny_1, serial_park_tiny_1, serial_park_tiny_pond,
          serial_park_gazebo [serial_park_minivault_5x5_1]
D:7:      layout_basic, nzn_wu_jian_contemplation
D:8:      layout_cave_pools, grunt_temple_overflow_open
D:9:      layout_rooms, dpeg_oklobed_lair, minivault_10, uniq_erica
D:10:     layout_rooms, orc_0_dummy, enter_bailey_6, uniq_psyche
Temple:   jpeg_temple_clearing
Bailey:   bailey_axe_3, bailey

Skill      XL: |  1  2  3  4  5  6  7  8  9 10 11 |
---------------+----------------------------------+-----
Necromancy     | 5 6 7 8 9 11 12 | 12.7
Spellcasting   | 4 5 6 8 9 12 13 14 | 14.2
Ranged Weapons | 2 3 4 6 7 8 |  8.3
Stealth        | 3 4 5 |  5.3
Fighting       | 1 2 |  2.2
Dodging        | 3 |  3.7
Poison Magic   | 1 2 |  2.0
Conjurations   | 1 |  1.3
Air Magic      | 1 |  1.3
Fire Magic     | 1 |  1.1
Transmutations | 1 |  1.1
Evocations     | |  0.2

Action                   |  1- 3 |  4- 6 |  7- 9 | 10-12 || total
-------------------------+-------+-------+-------+-------++-------
 Fire: Arbalest          |    12 |    27 |    20 |       ||    59
       Shortbow          |       |       |    48 |       ||    48
       Longbow           |       |       |    42 |    40 ||    82
 Cast: Necrotise         |    48 |    25 |   111 |    39 ||   223
       Vampiric Draining |     1 |    13 |    17 |    25 ||    56
       Animate Dead      |       |     1 |     6 |     5 ||    12
       Mephitic Cloud    |       |       |     2 |     6 ||     8
       Ignite Poison     |       |       |     2 |     5 ||     7
Evoke: Wand              |       |       |     4 |     2 ||     6
  Use: Potion            |     1 |       |     1 |     2 ||     4
Armor: Robe              |     3 |     2 |     9 |     4 ||    18
Dodge: Dodged            |     7 |    16 |   102 |    54 ||   179
